AoeStats
← Yazz13

Black Forest

509812834Analyzed
4v4 RM · 2d ago on Sep 28, 2026· 45m 47s· 8 players
Game mode
Random Map
Map size
Large (8 player)
Population
200
Speed
Normal
Resources
Standard
Victory
Conquest
Starting age
Dark Age
Ending age
Imperial Age
RankedLock teamsTeams togetherTeam positionsShared explorationLock speedFull tech treeHidden civsTurbo modeCheats
Victory
Defeat
🇺🇸 Wei · United States
1110
+14
🇺🇸 Vikings · United States
1108
+14
🇺🇸 Bohemians · United States
1086
+14
🇺🇸 Burmese · United States
1073
+15
🇨🇷 Byzantines · Costa Rica
1074
-15
🇲🇽 Wu · Mexico
1071
-15
🇨🇱 Huns · Chile
1068
-15
🇺🇸 Persians · United States
1011
-12
enzo.2000
0:28 Loom
13:08 Feudal Age
13:37 Double-Bit Axe
13:33 Horse Collar
16:09 Wheelbarrow
21:47 Castle Age
20:31 Gold Mining
24:37 Heavy Plow
25:14 Bow Saw
26:46 Gold Shaft Mining
26:04 Stone Mining
28:51 Forging
28:48 Scale Barding Armor
32:38 Imperial Age
30:53 Iron Casting
30:59 Fletching
31:09 Padded Archer Armor
31:41 Thumb Ring
34:27 Parthian Tactics
34:50 Bodkin Arrow
39:59 Heavy Cavalry Archer
42:19 Bracer
42:35 Leather Archer Armor
42:45 Ballistics
Tlacaelel.MX
1:36 Loom
1:47 Loom
13:34 Feudal Age
15:49 Town Watch
19:38 Castle Age
19:19 Wheelbarrow
18:37 Double-Bit Axe
21:07 Wheelbarrow
21:12 Fletching
21:36 Bow Saw
22:29 Bodkin Arrow
23:34 Hand Cart
24:46 Horse Collar
26:05 Fishing Lines
26:40 Heavy Plow
30:24 Stone Mining
30:25 Gold Mining
30:30 Gillnets
35:47 Imperial Age
36:08 Gold Shaft Mining
36:10 Stone Shaft Mining
36:12 Red Cliffs Tactics
36:18 Padded Archer Armor
36:30 Forging
37:25 Conscription
38:27 Leather Archer Armor
40:12 Ballistics
40:53 Chemistry
40:55 Masonry
40:41 Murder Holes
42:00 Fervor
42:10 Sanctity
43:29 Medium Warships
44:40 Bracer
44:43 Scale Mail Armor
45:19 Iron Casting
44:52 Scale Barding Armor
tequilaninja
12:18 Feudal Age
12:46 Double-Bit Axe
19:46 Castle Age
17:43 Horse Collar
18:40 Forging
18:38 Scale Barding Armor
20:08 Wheelbarrow
24:53 Bow Saw
24:46 Heavy Plow
25:10 Chain Barding Armor
25:26 Iron Casting
26:09 Bloodlines
27:22 Husbandry
31:46 Thumb Ring
37:11 Imperial Age
34:10 Pikeman
34:51 Squires
34:56 Scale Mail Armor
43:46 Halberdier
45:16 Conscription
Yazz13
11:53 Feudal Age
11:05 Loom
17:29 Castle Age
15:42 Double-Bit Axe
16:11 Fishing Lines
16:18 Fishing Lines
18:41 Bow Saw
18:25 Gillnets
23:11 Gold Mining
24:23 Wheelbarrow
25:51 Hand Cart
26:40 Hand Cart
26:38 Forging
28:38 Gold Shaft Mining
27:53 Stone Mining
28:33 Scale Barding Armor
29:03 Iron Casting
30:09 Chain Barding Armor
32:56 Imperial Age
31:25 Greek Fire
32:38 Fletching
34:04 Elite Cataphract
35:05 Conscription
34:59 Logistica
35:27 Plate Barding Armor
35:30 Stone Shaft Mining
35:54 Guilds
37:09 Chemistry
36:02 Horse Collar
37:29 Ballistics
37:32 Capped Ram
39:33 Two-Man Saw
38:23 Capped Ram
39:46 Heavy Camel Rider
40:27 Husbandry
40:52 Bodkin Arrow
40:57 Padded Archer Armor
40:23 Pikeman
41:19 Squires
41:53 Bombard Tower
41:43 Halberdier
43:00 Scale Mail Armor
Koality
1:10 Loom
11:48 Feudal Age
17:47 Castle Age
17:00 Double-Bit Axe
24:31 Imperial Age
22:27 Bow Saw
24:14 Chemistry
23:28 Fletching
24:08 Forging
23:59 Scale Mail Armor
25:56 Wheelbarrow
25:02 Pikeman
27:22 Squires
28:24 Iron Casting
34:12 Horse Collar
35:28 Chain Mail Armor
36:14 Blast Furnace
38:22 Hand Cart
40:47 Plate Mail Armor
40:32 Fletching
40:43 Padded Archer Armor
40:20 Halberdier
PapiChullo
1:01 Loom
12:02 Feudal Age
17:51 Castle Age
25:22 Double-Bit Axe
25:20 Horse Collar
32:32 Imperial Age
30:25 Ballistics
30:01 Murder Holes
31:22 Elite Skirmisher
31:22 Crossbowman
31:54 Fletching
32:05 Padded Archer Armor
33:01 Bodkin Arrow
33:19 Forging
33:12 Scale Mail Armor
34:23 Chemistry
33:41 Leather Archer Armor
33:01 Arbalester
34:00 Elite Berserk
35:05 Conscription
34:48 Bogsveigar
34:54 Chieftains
34:19 Elite Berserk
37:43 Caravan
Tall Blonde Beautiful
1:22 Loom
13:32 Feudal Age
17:19 Castle Age
15:37 Double-Bit Axe
15:38 Horse Collar
18:37 Bow Saw
18:28 Gold Mining
21:21 Heavy Plow
25:16 Wheelbarrow
24:56 Scale Barding Armor
24:55 Stone Mining
27:00 Chain Barding Armor
29:52 Hand Cart
32:53 Imperial Age
32:02 Forging
32:06 Tuntian
33:39 Iron Casting
34:29 Ming Guang Armor
34:25 Conscription
34:36 Elite Tiger Cavalry
36:43 Blast Furnace
36:43 Gold Shaft Mining
36:46 Stone Shaft Mining
38:42 Husbandry
38:52 Bloodlines
40:12 Ballistics
40:52 Chemistry
41:38 Light Cavalry
SlickSloth
0:31 Loom
12:08 Feudal Age
15:01 Wheelbarrow
17:47 Castle Age
15:59 Horse Collar
24:40 Stone Mining
24:41 Gold Mining
26:08 Gold Mining
26:25 Heavy Plow
29:04 Husbandry
29:15 Bloodlines
31:12 Caravan
34:35 Imperial Age
32:22 Scale Barding Armor
32:27 Forging
33:41 Chain Barding Armor
33:57 Iron Casting
34:46 Elite Battle Elephant
36:25 Conscription
37:30 Howdah
38:10 Plate Barding Armor
38:36 Blast Furnace
37:54 Fletching
38:05 Padded Archer Armor
39:35 Elite Skirmisher
40:41 Parthian Tactics
40:17 Bodkin Arrow
Connection lost

Rejoining the realm…

Still unreachable

The connection could not be restored.

Session expired

The server has moved on; the page needs a fresh start.